 Dungeon Crawl Stone Soup version 0.21.1-1-g345015f (webtiles) character file.

95 lotte the Magician (level 4, 0/24 HPs)
             Began as a Deep Elf Wizard on July 1, 2018.
             Slain by Purgy (3 damage)
             ... in a sewer.
             The game lasted 00:10:59 (2896 turns).

lotte the Magician (Deep Elf Wizard)                Turns: 2896, Time: 00:11:01

Health: 0/24       AC:  3    Str:  4    XL:     4   Next: 39%
Magic:  9/14       EV: 13    Int: 24    God:
Gold:   97         SH:  0    Dex: 13    Spells: 6/15 levels left

rFire    . . .     SeeInvis .   (no weapon)
rCold    . . .     Gourm    .   (no shield)
rNeg     . . .     Faith    .   k - +0 robe (curse)
rPois    .         Spirit   .   b - +0 hat
rElec    .         Reflect  .   (no cloak)
rCorr    .         Harm     .   i - +0 pair of gloves
MR       .....                  (no boots)
Stlth    ++........             (no amulet)
HPRegen  0.08/turn              (no ring)
MPRegen  0.14/turn              (no ring)

@: no status effects
A: no striking features
a: no special abilities


You were in a sewer.
You were not hungry.

You visited 1 branch of the dungeon, and saw 3 of its levels.
You also visited: Sewer.

You collected 97 gold pieces.

Inventory:

Hand Weapons
 h - a +0 short sword
Armour
 a - a +0 robe
 b - a +0 hat (worn)
 i - a +0 pair of gloves (worn)
 k - a cursed +0 robe (worn)
Scrolls
 g - a scroll of fear {unknown}
 j - a scroll of identify {unknown}
 m - 2 scrolls of teleportation {unknown}
 o - a scroll of remove curse {unknown}
Potions
 e - a potion of degeneration {unknown}
 l - a potion of berserk rage
 n - a potion of heal wounds {unknown}
 p - a potion of flight
 q - a potion of ambrosia {unknown}
Books
 c - a book of Minor Magic

   Spells                             Type                      Level
   a - Magic Dart                     Conjuration                  1
   b - Blink                          Translocation                2
   c - Call Imp                       Summoning                    2
   d - Slow                           Hexes                        2
   e - Conjure Flame                  Conjuration/Fire             3
   f - Mephitic Cloud                 Conjuration/Poison/Air       3
Comestibles
 d - 5 rations
 f - 2 chunks of flesh


   Skills:
 - Level 2.9 Dodging
 - Level 2.8 Stealth
 + Level 6.1 Spellcasting
 * Level 2.4 Conjurations
 + Level 1.3 Summonings
   Level 1.1 Translocations


You had 6 spell levels left.
You knew the following spells:

 Your Spells              Type           Power        Failure   Level  Hunger
a - Magic Dart            Conj           ###.         2%          1    None
b - Call Imp              Summ           ##......     7%          2    None
c - Mephitic Cloud        Conj/Pois/Air  ##......     17%         3    #......
d - Conjure Flame         Conj/Fire      ##......     14%         3    #......


Dungeon Overview and Level Annotations

Branches:
Dungeon (3/15)

Altars:
Cheibriados

Annotations:
Sewer Purgy


Message History

Confirm with . or Enter, or press ? or * to list all spells.
A beastly little devil appears in a puff of frigid air.
Purgy bites you but does no damage. Purgy claws you. x2
Your white imp hits Purgy.
Your white imp freezes Purgy.
Your white imp barely misses Purgy.
Your white imp hits Purgy.
Your white imp freezes Purgy.
There is an empty arch of ancient stone here.
Casting: Call Imp
Confirm with . or Enter, or press ? or * to list all spells.
A beastly little devil appears in a puff of flame.
Purgy bites you. Purgy claws you but does no damage. Purgy claws you.
Your white imp hits Purgy but does no damage.
Your crimson imp blinks!
Your white imp hits Purgy but does no damage.
Purgy bites you!
* * * LOW HITPOINT WARNING * * *
Purgy claws you.
* * * LOW HITPOINT WARNING * * *
Purgy claws you.
You die...

### #[# #.#
#+##+##+##'##+##+##+#
######............5......######
≈≈≈≈≈#≈≈≈≈≈≈≈≈≈.≈≈≈≈≈≈≈≈≈#≈≈≈≈≈
≈≈≈≈≈#≈≈≈≈≈≈≈§55≈≈≈≈≈≈≈≈≈#≈≈≈≈≈
≈≈≈≈≈#≈≈≈≈≈≈≈≈≈T≈≈≈≈≈≈≈≈≈#≈≈≈≈≈
#........@.....(....#
#'##'##'##.##(##'##'#
#.##.##.##.##.##)##.#
#.##.##.##∩##.##.##.#
#####################


You could see Purgy, a friendly crimson imp and 2 friendly white imps.

Vanquished Creatures
  4 leopard geckos
  3 ball pythons
  9 bats
  2 giant cockroaches
  5 goblins
  4 hobgoblins
  8 jackals
  9 kobolds
  A quokka (D:3)
  4 frilled lizards
  7 rats
56 creatures vanquished.

Vanquished Creatures (collateral kills)
  3 adders
  A giant cockroach (D:3)
  5 rats (D:3)
9 creatures vanquished.

Grand Total: 65 creatures vanquished

Notes
Turn   | Place    | Note
-------+----------+-------------------------------------------
     0 | D:1      | lotte the Deep Elf Wizard began the quest for the Orb.
     0 | D:1      | Reached XP level 1. HP: 10/10 MP: 7/7
   213 | D:1      | Reached XP level 2. HP: 15/15 MP: 3/9
   217 | D:1      | Learned a level 2 spell: Call Imp
   267 | D:1      | Reached skill level 5 in Spellcasting
   858 | D:1      | Reached XP level 3. HP: 18/19 MP: 3/11
  1171 | D:1      | Learned a level 3 spell: Mephitic Cloud
  1175 | D:1      | Learned a level 3 spell: Conjure Flame
  1202 | D:1      | You fall through a shaft!
  2238 | D:2      | Found a snail-covered altar of Cheibriados.
  2441 | D:3      | Reached XP level 4. HP: 24/24 MP: 8/13
  2555 | D:3      | Found a faded altar of an unknown god.
  2568 | D:3      | Reached skill level 6 in Spellcasting
  2729 | D:3      | Found a glowing drain.
  2753 | Sewer    | Entered a sewer
  2888 | Sewer    | Noticed Purgy
  2896 | Sewer    | Slain by Purgy

Skill      XL: |  1  2  3  4 |
---------------+-------------+-----
Spellcasting   | 5 6 |  6.1
Conjurations   | 2 |  2.4
Dodging        | |  2.9
Stealth        | |  2.8
Summonings     | |  1.3
Translocations | |  1.1

Action                   |  1- 3 |  4- 6 || total
-------------------------+-------+-------++-------
Melee: Unarmed           |       |     1 ||     1
 Cast: Magic Dart        |   104 |    30 ||   134
       Call Imp          |     5 |     7 ||    12
  Use: Potion            |     4 |       ||     4
       Scroll            |     3 |       ||     3
  Eat: Chunk             |     4 |     2 ||     6
Armor: Robe              |     3 |     3 ||     6
Dodge: Dodged            |    23 |    11 ||    34
